 Dungeon Crawl Stone Soup version 0.30-a0-800-g7c544603b3 (console) character file.

Game seed: 13974917149760764390

93020 jejorda2 the Phalangite (level 16, 0/177 (192) HPs)
             Began as a Merfolk Berserker on Feb 21, 2023.
             Was a High Priest of Trog.
             Slain by an orc wizard
             ... wielding a +1 dagger of distortion
              (9 damage)
             ... on level 2 of the Orcish Mines.
             The game lasted 00:51:43 (21020 turns).

jejorda2 the Phalangite (Merfolk Berserker)        Turns: 21020, Time: 00:51:44

HP:   0/177 (192)   AC: 29    Str: 24    XL:     16   Next: 7%
MP:   16/16         EV:  9    Int:  7    God:    Trog [*****.]
Gold: 1559          SH:  0    Dex: 14    Spells: 15/15 levels left

rFire   . . .      SeeInvis .    a - +4 glaive (heavy)
rCold   + . .      Faith    .    (shield currently unavailable)
rNeg    . . .      Spirit   .    y - +0 plate armour
rPois   +          Reflect  .    U - +0 helmet
rElec   .          Harm     .    w - +2 cloak {rC+}
rCorr   .          Rampage  .    E - +2 pair of gloves
Will    +++..                    k - +2 pair of boots Stlth
                                 z - amulet of regeneration
HPRegen 2.29/turn                I - +4 ring of protection
MPRegen 0.15/turn                K - ring of poison resistance

@: berserking, strong-willed, regenerating, studying Invocations, drained, very
quick
A: (nimble swimmer 2), mertail
a: Renounce Religion, Berserk, Trog's Hand, Brothers in Arms


You were on level 2 of the Orcish Mines.
You worshipped Trog.
Trog was extremely pleased with you.
You visited 3 branches of the dungeon, and saw 22 of its levels.
You also visited: Sewer and Ice Cave.

You collected 1559 gold pieces.

Inventory:

Hand Weapons
 a - a +4 heavy glaive (weapon)
 b - a +3 bardiche of flaming
 S - the +8 bardiche "Piyh" {heavy, rF+ Str+2}
   (Trog gifted it to you on level 5 of the Lair of Beasts)

   Str:       It affects your strength (+2).
   rF:        It protects you from fire.
Missiles
 h - 170 stones
 i - 68 poisoned darts
 B - 11 boomerangs
 F - 3 curare-tipped darts
 L - 5 javelins (quivered)
Armour
 k - a +2 pair of boots (worn)
 w - a +2 cloak of cold resistance (worn)
 y - a +0 plate armour (worn)
 E - a +2 pair of gloves (worn)
 U - a +0 helmet (worn)
Jewellery
 c - a ring of resist corrosion
 f - an amulet of the acrobat
 z - an amulet of regeneration (around neck)
 I - a +4 ring of protection (left hand)
 K - a ring of poison resistance (right hand)
Wands
 j - a wand of quicksilver (34)
 o - a wand of roots (12)
 r - a wand of mindburst (14)
 u - a wand of flame (50)
 N - a wand of polymorph (8)
 T - a wand of paralysis (9)
Scrolls
 e - 6 scrolls of teleportation
 g - a scroll of brand weapon
 l - 2 scrolls of blinking
 n - 2 scrolls of magic mapping
 v - 4 scrolls of fear
 x - 10 scrolls of fog
 C - 10 scrolls of identify
 G - 2 scrolls of silence
 H - a scroll of immolation
 J - 3 scrolls of poison
 M - 2 scrolls of enchant weapon
 Q - 2 scrolls of enchant armour
Potions
 d - 7 potions of mutation
 m - 10 potions of heal wounds
 p - a potion of ambrosia
 q - 7 potions of attraction
 s - 9 potions of curing
 t - 5 potions of haste
 A - 2 potions of invisibility
 D - a potion of flight
 O - 2 potions of berserk rage
 R - 2 potions of might
Miscellaneous
 P - a phial of floods


   Skills:
 - Level 12.3 Fighting
 + Level 21.3 Polearms
 * Level 15.4 Throwing
 - Level 9.0 Armour
 - Level 6.0 Dodging
 - Level 6.0 Evocations


You had 15 spell levels left.
You didn't know any spells.
Your spell library was empty.

Dungeon Overview and Level Annotations

Branches:
Dungeon (15/15)            Temple (0/1) D:7            Lair (5/5) D:10
  Swamp (0/4) Lair:3        Snake (0/4) Lair:2        Slime (0/5) Lair:4
    Orc (2/2) D:12         Vaults (0/5) D:14         Depths (0/4) D:15
  Sewer (visited)           IceCv (visited)
    Elf: Orc:2

Altars:
Cheibriados
Dithmenos
Fedhas
Gozag
Hepliaklqana
Kikubaaqudgha
Makhleb
Ru
Sif Muna
Xom
Yredelemnul
The Shining One
Jiyva

Shops:
D:2 (   Orc:2 (

Annotations:
D:4 3 runed translucent doors, cforsyth's ghost, amateur DjCj; dolemite99's ghost, amateur MiHu
Lair:1 3 runed translucent doors, Ceno's ghost, journeyman FoEE


Innate Abilities, Weirdness & Mutations

((You are very nimble when in or above water. (Stealth+, EV+, Speed+++)))
Your lower body shifts to a powerful aquatic tail in water.


Message History

The orc warrior hits you but does no damage.
The orc wizard gestures at you while chanting.
You resist with almost no effort. The sixfirhy hits you.
* * * LOW HITPOINT WARNING * * *
The sixfirhy shocks you!
* * * LOW HITPOINT WARNING * * *
The hellwing hits you but does no damage. x2
You barely miss the sixfirhy. The sixfirhy barely misses you.
The orc high priest invokes the aid of Beogh against you.
Beogh smites you!
* * * LOW HITPOINT WARNING * * *
The orc warrior hits you from afar with a +0 vampiric trident.
* * * LOW HITPOINT WARNING * * *
The orc wizard closely misses you.
You cut the sixfirhy into ribbons!!!
You kill the sixfirhy!
The sixfirhy disappears in a puff of smoke!
The hellwing hits you.
* * * LOW HITPOINT WARNING * * *
The hellwing closely misses you.
You slice the orc high priest like a ripe choko!!!
You kill the orc high priest!
Trog accepts your kill.
The hellwing disappears in a puff of smoke!
The orc wizard hits you but does no damage.
The orc warrior barely misses you.
You closely miss the orc wizard.
The orc warrior hits you but does no damage.
The orc priest hits you but does no damage.
The orc wizard hits you with a +1 dagger of distortion.
* * * LOW HITPOINT WARNING * * *
Space warps around you.
* * * LOW HITPOINT WARNING * * *
You closely miss the orc priest. The orc wizard barely misses you.
The orc warrior hits you from afar with a +0 vampiric trident.
* * * LOW HITPOINT WARNING * * *
The orc priest hits you but does no damage.
The orc wizard hits you but does no damage.
Space warps horribly around you!
You die...

#..<[..## ##....
##.))○.## ☼#°.°§§
##..☼○§# .°☼§.☼.§.
##..○§#####☼○§.○☼§.
##§☼☼°○8°°°°○§☼.☼.
##☼○.☼☼).☼..°°☼§.
#.§○☼.§.§...○○§.
##○°○..ooo.○☼○○.
##○☼8.@o..§°°○.
######o)§☼°.○.
#.○°°.°.○.
#...#.§...#
#...##☼☼.§.# #...#
○.☼8# #∩.# ..○§#
### °°§# ..##


You could see an orc warrior, 2 orc priests and 2 orc wizards.

Vanquished Creatures
  Rupert (Lair:4)
  An orc warlord (Orc:2)
  A stone giant (D:15)
  A dire elephant (Lair:4)
  5 hydras
  A rakshasa (D:14)
  3 vault guards (D:14)
  5 centaur warriors
  A merfolk avatar (Lair:5)
  5 boulder beetles
  5 death yaks (Lair:5)
  2 tengu warriors (D:15)
  5 two-headed ogres
  An orc high priest (Orc:2)
  Urug (D:12)
  Nergalle (Orc:2)
  Sonja (D:12)
  The ghost of souper the Shooter, a novice DsHu (D:7)
  3 skeletal warriors (D:12)
  A wizard (D:13)
  2 orc knights (Orc:1)
  2 lindwurms
  2 deep elf pyromancers (D:15)
  6 ugly things
  2 orc sorcerers
  2 cyclopes
  4 manticores
  4 elephants
  3 ice statues (IceCv)
  3 black mambas
  2 gargoyles
  Joseph (D:8)
  Maggie (D:9)
  An unseen horror (D:11)
  A freezing wraith (IceCv)
  9 cane toads
  8 rime drakes
  A torpor snail (Lair:4)
  12 komodo dragons
  Psyche (D:8)
  A kobold demonologist (D:11)
  A tengu conjurer (D:15)
  3 yaktaurs (D:14)
  An efreet (D:15)
  2 trolls
  5 polar bears
  5 wind drakes (Lair:5)
  A meliai (shapeshifter) (D:14)
  2 hornets
  22 blink frogs
  7 dream sheep (Lair:5)
  7 slime creatures
  3 wraiths
  7 wyverns
  3 vampires
  Eustachio (D:4)
  72 yaks
  13 basilisks
  18 humans (D:14)
  4 steam dragons
  Grum (D:7)
  15 vampire mosquitoes
  2 death yak simulacra (IceCv)
  2 swamp worms (Lair:3)
  2 harpy simulacra (IceCv)
  3 acid dragons
  2 wargs
  13 water moccasins
  Duvessa (D:6)
  11 orc warriors
  3 sky beasts
  A black bear (Lair:3)
  3 ice beasts
  2 ogres
  15 wolves
  21 centaurs
  4 kobold brigands
  2 necrophages
  5 scorpions
  5 bullfrogs
  5 gnoll sergeants
  A cane toad simulacrum (IceCv)
  Dowan (D:6)
  8 wights
  19 killer bees
  2 elephant simulacra (IceCv)
  8 electric eels
  3 howler monkeys
  2 lava snakes (D:12)
  A hound (D:4)
  5 jellies
  2 gnoll boudas
  4 orc priests
  4 iguanas
  13 orc wizards
  A scorpion zombie (D:4)
  12 hell rats
  A polar bear simulacrum (IceCv)
  2 wolf simulacra (IceCv)
  2 howler monkey zombies (D:4)
  23 gnolls
  11 river rats
  14 adders
  A white imp (D:3)
  2 adder zombies (D:4)
  4 worms
  4 dart slugs
  28 orcs
  16 ball pythons
  12 endoplasms
  2 giant cockroaches (D:3)
  9 goblins
  13 hobgoblins
  6 jackals
  3 quokkas
  4 bats
  4 frilled lizards
  19 kobolds
  19 rats
693 creatures vanquished.

Vanquished Creatures (collateral kills)
  An orc knight (Orc:1)
  A polar bear (Lair:5)
  3 blink frogs (Lair:5)
  An ogre (D:4)
  A gnoll (D:7)
7 creatures vanquished.

Vanquished Creatures (others)
  A bush (Lair:5)
  20 fungi
  60 plants
  6 withered plants (D:4)
87 creatures vanquished.

Grand Total: 787 creatures vanquished

Notes
Turn   | Place    | Note
-------+----------+-------------------------------------------
     0 | D:1      | jejorda2 the Merfolk Berserker began the quest for the Orb.
     0 | D:1      | Reached XP level 1. HP: 18/18 MP: 1/1
   121 | D:1      | Reached XP level 2. HP: 19/24 MP: 2/2
   815 | D:1      | Reached XP level 3. HP: 29/29 MP: 3/3
  1046 | D:2      | Reached ** piety under Trog
  1049 | D:2      | Reached skill level 5 in Polearms
  1196 | D:2      | Found a shimmering altar of Xom.
  1340 | D:2      | Reached XP level 4. HP: 37/37 MP: 4/4
  1369 | D:2      | Found Oraip's Weapon Boutique.
  1881 | D:3      | Reached XP level 5. HP: 41/42 MP: 5/5
  1898 | D:3      | Reached skill level 6 in Polearms
  1901 | D:3      | Found a glowing drain.
  1910 | Sewer    | Entered a sewer
  2038 | Sewer    | Noticed a kobold brigand
  2054 | Sewer    | Killed a kobold brigand
  2117 | Sewer    | Reached XP level 6. HP: 48/49 MP: 6/6
  2139 | Sewer    | Reached *** piety under Trog
  2324 | D:3      | Reached skill level 7 in Polearms
  2425 | D:3      | Found a shimmering blue altar of Sif Muna.
  2951 | D:4      | Noticed Eustachio
  2988 | D:4      | Reached skill level 5 in Dodging
  3021 | D:4      | Reached skill level 5 in Fighting
  3021 | D:4      | Reached XP level 7. HP: 56/56 MP: 7/7
  3105 | D:4      | Reached skill level 8 in Polearms
  3135 | D:4      | Found a basalt altar of Yredelemnul.
  3237 | D:4      | Killed Eustachio
  3327 | D:4      | Found a sacrificial altar of Ru.
  3412 | D:4      | Found a runed translucent gate.
  3412 | D:4      | Found a runed translucent gate.
  3412 | D:4      | Found a runed translucent gate.
  3415 | D:4      | Noticed dolemite99's ghost (amateur MiHu)
  3415 | D:4      | Noticed cforsyth's ghost (amateur DjCj)
  3640 | D:4      | Reached **** piety under Trog
  3750 | D:5      | Entered Level 5 of the Dungeon
  4052 | D:5      | Reached skill level 9 in Polearms
  4172 | D:5      | Reached XP level 8. HP: 61/64 MP: 8/8
  4635 | D:6      | Found a hazy altar of Hepliaklqana.
  4663 | D:6      | Reached skill level 1 in Throwing
  4712 | D:6      | Reached skill level 10 in Polearms
  4897 | D:6      | Noticed Dowan
  4898 | D:6      | Noticed Duvessa
  4907 | D:6      | Killed Duvessa
  4919 | D:6      | Killed Dowan
  4920 | D:6      | Reached skill level 11 in Polearms
  5198 | D:6      | Reached XP level 9. HP: 69/69 MP: 9/9
  5316 | D:6      | Reached skill level 12 in Polearms
  5885 | D:7      | Noticed souper's ghost (novice DsHu)
  5886 | D:7      | Noticed Grum
  5919 | D:7      | Found a transporter.
  6024 | D:7      | Found a transporter.
  6300 | D:7      | Reached ***** piety under Trog
  6411 | D:7      | Reached skill level 13 in Polearms
  6460 | D:7      | Found a staircase to the Ecumenical Temple.
  6654 | D:7      | Found a blossoming altar of Fedhas.
  6714 | D:7      | Reached skill level 5 in Throwing
  6718 | D:7      | Killed Grum
  6868 | D:7      | Reached XP level 10. HP: 40/76 MP: 10/10
  6896 | D:7      | Killed souper's ghost
  6897 | D:7      | Reached skill level 14 in Polearms
  6961 | D:7      | Identified the amulet of Huyrchor {RegenMP Str+2}
  7090 | D:8      | Reached skill level 15 in Polearms
  7226 | D:8      | Noticed Psyche
  7235 | D:8      | Killed Psyche
  7273 | D:8      | Noticed Joseph
  7320 | D:8      | Killed Joseph
  7320 | D:8      | Received a gift from Trog
  7463 | D:8      | Reached skill level 16 in Polearms
  7505 | D:8      | Found a shadowy altar of Dithmenos.
  7551 | D:8      | Found a glowing golden altar of the Shining One.
  7554 | D:8      | Found an ancient bone altar of Kikubaaqudgha.
  7602 | D:8      | Reached skill level 5 in Armour
  7602 | D:8      | Reached XP level 11. HP: 75/81 MP: 11/11
  7784 | D:8      | Found a shimmering altar of Xom.
  7787 | D:8      | Found a burning altar of Makhleb.
  7789 | D:8      | Found an opulent altar of Gozag.
  7794 | D:8      | Found a snail-covered altar of Cheibriados.
  8423 | D:9      | Noticed Maggie
  8427 | D:9      | Killed Maggie
  8550 | D:10     | Entered Level 10 of the Dungeon
  8671 | D:9      | Reached skill level 17 in Polearms
  8879 | D:10     | Reached skill level 1 in Evocations
  9051 | D:10     | Found a staircase to the Lair.
  9394 | D:11     | Noticed a two-headed ogre
  9407 | D:11     | Killed a two-headed ogre
  9408 | D:11     | Reached skill level 18 in Polearms
  9468 | D:11     | Reached XP level 12. HP: 81/88 MP: 12/12
  9487 | D:11     | Found a frozen archway.
  9492 | IceCv    | Entered an ice cave
  9792 | IceCv    | Reached skill level 19 in Polearms
  9801 | IceCv    | Reached skill level 5 in Evocations
  9858 | IceCv    | Identified the +7 long sword "Sotil" {elec, rN+ Will+}
 10007 | D:11     | Noticed a two-headed ogre
 10010 | D:11     | Killed a two-headed ogre
 10499 | D:12     | Noticed a centaur warrior
 10507 | D:12     | Killed a centaur warrior
 10745 | D:12     | Reached skill level 20 in Polearms
 11113 | D:12     | Noticed a two-headed ogre
 11118 | D:12     | Killed a two-headed ogre
 11152 | D:12     | Found a staircase to the Orcish Mines.
 11278 | D:12     | Noticed Sonja
 11284 | D:12     | Killed Sonja
 11285 | D:12     | Reached XP level 13. HP: 56/98 MP: 13/13
 11429 | D:12     | Noticed Urug
 11436 | D:12     | Killed Urug
 11777 | Lair:1   | Entered Level 1 of the Lair of Beasts
 12282 | Lair:1   | Found a runed translucent gate.
 12282 | Lair:1   | Found a runed translucent gate.
 12282 | Lair:1   | Found a runed translucent gate.
 12285 | Lair:1   | Noticed a minotaur
 12290 | Lair:1   | Found the necklace of Bloodlust {Fury *Rage Will++ Int-3
                  | Slay+6}
 12305 | Lair:1   | Noticed Ceno's ghost (journeyman FoEE)
 12706 | Lair:1   | Received a gift from Trog
 13304 | Lair:2   | Found a staircase to the Snake Pit.
 13573 | Lair:2   | Reached skill level 10 in Fighting
 13597 | Lair:2   | Paralysed by a hornet for 3 turns
 14174 | Lair:3   | Found a staircase to the Swamp.
 14626 | Lair:3   | Identified the +4 robe of the Endless Expanse {Will++ Int-3
                  | SInv}
 15055 | Lair:4   | Noticed Rupert
 15061 | Lair:4   | Killed Rupert
 15062 | Lair:4   | Reached XP level 14. HP: 111/111 MP: 14/14
 15063 | Lair:4   | Reached skill level 10 in Throwing
 15489 | Lair:4   | Found a viscous altar of Jiyva.
 15489 | Lair:4   | Found a staircase to the Slime Pits.
 16010 | Lair:5   | Entered Level 5 of the Lair of Beasts
 16010 | Lair:5   | Noticed a dire elephant
 16016 | Lair:4   | Killed a dire elephant
 17090 | Lair:5   | Identified the +8 bardiche "Piyh" {heavy, rF+ Str+2} (Trog
                  | gifted it to you on level 5 of the Lair of Beasts)
 17090 | Lair:5   | Received a gift from Trog
 17162 | Lair:5   | Reached XP level 15. HP: 120/120 MP: 15/15
 18316 | D:13     | Identified the +2 leather armour of Least Resistance {Will+
                  | Stlth+}
 19301 | D:14     | Found a gate to the Vaults.
 19321 | D:14     | Received a gift from Trog
 19592 | D:15     | Entered Level 15 of the Dungeon
 19613 | D:15     | Found an ancient bone altar of Kikubaaqudgha.
 20269 | D:15     | Reached skill level 21 in Polearms
 20422 | D:15     | Found a staircase to the Depths.
 20491 | D:15     | Reached skill level 15 in Throwing
 20610 | Orc:1    | Entered Level 1 of the Orcish Mines
 20812 | Orc:2    | Entered Level 2 of the Orcish Mines
 20818 | Orc:2    | Noticed Nergalle
 20833 | Orc:2    | Killed Nergalle
 20889 | Orc:1    | Reached XP level 16. HP: 97/125 MP: 16/16
 20998 | Orc:2    | Found Xeboan's Antique Weapon Shop.
 21020 | Orc:2    | Slain by an orc wizard

Illustrated notes

Levels and vault maps discovered:
D:1:      dpeg_arrival_water_fire, layout_basic, minmay_misc_feat_enclosed,
          minivault_23, minivault_26, chequers_arboretum
D:2:      layout_basic, serial_corexii_hall, corexii_hall_statues_t,
          chequers_hall_statues_y, basic_altar, serial_shops,
          nicolae_shop_behind_doors, minmay_misc_feat_iff
D:3:      wad_river_or_something, layout_basic, mainiacjoe_overflow_24_doors,
          portal_sewer_entry_b
D:4:      layout_basic, nicolae_yredelemnul_corpse_copse,
          nicolae_ru_sacrificial_ziggurat, gammafunk_ghost_cemetery,
          chequers_serial_rivers_micro_c, hangedman_decor_points,
          amethyst_killhole, minmay_goblin_kobold_house, uniq_eustachio
D:5:      layout_loops_ring
D:6:      layout_basic, mainiacjoe_overflow_alcove_1, uniq_duvessa
D:7:      layout_cave_pools, mainiacjoe_overflow_alcove_2,
          minmay_temple_entry_stoned_glass, gammafunk_ghost_gnarly_gnolls
D:8:      layout_cave_pools, mainiacjoe_overflow_small_starburst,
          nicolae_overflow_hallway_of_the_gods, uniq_joseph, uniq_psyche
D:9:      layout_roguey, amcnicky_mini_pool_medium, uniq_maggie
D:10:     layout_basic, erik_lair_dragon
D:11:     layout_loops_cross, portal_ice_cave_entry_pillars_1
D:12:     layout_loops_corners, orc_0_dummy, abandoned_shop,
          kennysheep_generic_room_2, uniq_sonja, uniq_urug
D:13:     layout_long_grid, kennysheep_donut
D:14:     layout_rooms, grunt_vaults_entry_tiered, serial_glass,
          glass_columns_b, glass_columns_b, glass_columns_b,
          hangedman_abyss_or_decor_stabs
D:15:     grunt_enter_depths_snipers, layout_irregular_city,
          kiku_gazebo_pond_becter, corexii_mini_fake_secret_closet
Lair:1:   layout_long_grid, maelrawn_ghost_gauntlet_escape,
          serial_bayou_shore_a, infiniplex_staircase_pool_2
Lair:2:   layout_roguey, dummy_snake_entry, infiniplex_staircase_pool,
          serial_bayou_shore_b
Lair:3:   layout_cave_pods, palyth_hydra_swamp_entry, st_stairs_8,
          chequers_serial_rivers_micro_e
Lair:4:   layout_regular_city, dpeg_slime_entry_enclosed, grunt_megastairs_4,
          uniq_rupert
Lair:5:   gammafunk_lair_ancient_temple, layout_hall_layers,
          kennysheep_abandoned_house
Orc:1:    layout_diamond_mine, nicolae_orc_sculptors_studio,
          nicolae_shop_clearance
Orc:2:    grunt_orc_cross, layout_caves, serial_shops, shop

Skill      XL: |  1  2  3  4  5  6  7  8  9 10 11 12 13 14 15 |
---------------+----------------------------------------------+-----
Dodging        | 3 4 5 6 |  6.0
Polearms       | 5 6 7 9 11 13 16 18 20 21 | 21.3
Fighting       | 4 5 6 8 10 12 | 12.3
Throwing       | 3 5 6 7 9 12 15 | 15.4
Armour         | 3 5 6 7 8 9 |  9.0
Evocations     | 4 6 |  6.0

Action                     |  1- 3 |  4- 6 |  7- 9 | 10-12 | 13-15 | 16-18 || total
---------------------------+-------+-------+-------+-------+-------+-------++-------
  Melee: Spear             |   122 |   183 |   132 |       |       |       ||   437
         Tailslap          |       |     6 |     1 |     1 |    24 |       ||    32
         Punch             |       |       |     3 |       |       |       ||     3
         Halberd           |       |       |   231 |   150 |       |       ||   381
         Glaive            |       |       |       |   363 |   858 |    54 ||  1275
         Demon trident     |       |       |       |       |    51 |       ||    51
  Throw: Dart              |       |       |       |    13 |    33 |       ||    46
         Boomerang         |       |       |       |     7 |    31 |       ||    38
         Javelin           |       |       |       |       |     8 |       ||     8
 Invoke: Berserk           |       |     1 |     4 |    13 |    12 |     1 ||    31
         Trog's Hand       |       |       |     3 |     7 |    12 |     1 ||    23
         Brothers in Arms  |       |       |     1 |       |     2 |       ||     3
  Evoke: Wand              |       |       |     2 |    12 |       |       ||    14
    Use: Scroll            |       |    10 |    17 |     5 |     5 |     1 ||    38
         Potion            |       |       |     3 |     2 |     1 |     1 ||     7
   Stab: Sleeping          |     1 |       |       |       |       |       ||     1
         Distracted        |       |       |     2 |     1 |       |       ||     3
         Invisible         |       |       |     2 |     4 |       |       ||     6
 Armour: Animal skin       |     5 |       |       |       |       |       ||     5
         Leather armour    |     8 |       |       |       |       |       ||     8
         Ring mail         |    16 |    48 |    27 |       |       |       ||    91
         Scale mail        |       |       |    25 |       |       |       ||    25
         Plate armour      |       |       |    81 |   179 |   755 |   109 ||  1124
         Swamp dragon scal |       |       |       |   105 |       |       ||   105
  Dodge: Dodged            |    51 |   107 |   145 |   248 |   462 |    46 ||  1059
         Repelled          |       |       |     4 |     2 |       |       ||     6

Table legend: (Time is in decaauts)
 A = Elapsed time spent in this place.
 B = Non-inter-level travel time spent in this place.
 C = Inter-level travel time spent in this place.
 D = Time resting spent in this place.
 E = Time spent auto-exploring this place.
 F = Levels seen in this place.
 G = Mean time per level.
                   A        B        C        D        E       F      G
               +--------+--------+--------+--------+--------+-----+--------+
         Total |  21001 |  19389 |   1612 |   1358 |  13636 |  24 |  875.0 |
       Dungeon |  14329 |  13079 |   1250 |    888 |   9391 |  15 |  955.3 |
          Lair |   5484 |   5151 |    333 |    215 |   3841 |   5 | 1096.8 |
  Orcish Mines |    414 |    386 |     28 |     14 |    229 |   2 |  207.0 |
         Sewer |    331 |    331 |      0 |      0 |    174 |   1 |  331.0 |
      Ice Cave |    442 |    442 |      0 |    240 |      0 |   1 |  442.0 |
               +--------+--------+--------+--------+--------+-----+--------+

Top non-repeatable levels by time:
  Lair:5: 1382 daAuts
     D:6: 1345 daAuts
    D:12: 1326 daAuts
     D:7: 1237 daAuts
  Lair:3: 1124 daAuts
  Lair:4: 1111 daAuts
  Lair:1: 1062 daAuts
    D:10: 989 daAuts
    D:15: 982 daAuts
    D:13: 970 daAuts
     D:3: 940 daAuts
     D:4: 920 daAuts
     D:1: 872 daAuts
     D:9: 869 daAuts
    D:14: 828 daAuts
